 Dungeon Crawl Stone Soup version 0.19-a0-231-gae044c8 (webtiles) character file.

60 Lugonue the Chopper (level 3, -1/31 HPs)
             Began as a Minotaur Gladiator on May 24, 2016.
             Slain by a gnoll
             ... wielding a +1 spear of freezing
              (7 damage)
             ... on level 3 of the Dungeon.
             The game lasted 00:03:55 (1056 turns).

Lugonue the Chopper (Minotaur Gladiator)            Turns: 1056, Time: 00:03:57

Health: -1/31      AC:  5    Str: 20    XL:     3   Next: 82%
Magic:  2/2        EV:  6    Int:  5    God:
Gold:   142        SH:  0    Dex: 10    Spells: 0 memorised, 2 levels left

rFire  . . .     SeeInvis .     a - +0 war axe
rCold  . . .     Gourm    .     e - +0 ring mail
rNeg   . . .     Faith    .     (no shield)
rPois  .         Spirit   .     c - +0 hat
rElec  .         Dismiss  .     (no cloak)
rCorr  .         Reflect  .     (no gloves)
SustAt .         Harm     .     (no boots)
MR     .....                    (no amulet)
Stlth  ..........               (no ring)
                                (no ring)

@: not resistant to hostile enchantments, extremely unstealthy
A: retaliatory headbutt, horns 2
a: no special abilities


You were on level 3 of the Dungeon.
You were not hungry.

You visited 1 branch of the dungeon, and saw 3 of its levels.

You collected 142 gold pieces.

Inventory:

Hand Weapons
 a - a +0 war axe (weapon)
Missiles
 d - 3 throwing nets (quivered)
Armour
 c - a +0 hat (worn)
 e - a +0 ring mail (worn)
Scrolls
 b - a scroll of identify
 j - 2 scrolls of magic mapping {unknown}
 n - a scroll of amnesia {unknown}
 o - a scroll of enchant weapon {unknown}
Potions
 g - a potion of might {unknown}
 h - 2 potions of curing
 i - 2 potions of lignification
 k - a potion of brilliance {unknown}
 l - 2 potions of flight
 m - a potion of heal wounds {unknown}
Comestibles
 f - a bread ration


   Skills:
 + Level 3.2 Fighting
 + Level 5.0 Axes
 - Level 2.0 Throwing
 * Level 1.4 Armour
 - Level 3.2 Dodging


You had 2 spell levels left.
You didn't know any spells.

Dungeon Overview and Level Annotations

Branches:
Dungeon (3/15)

Altars:
Dithmenos
Ru


Innate Abilities, Weirdness & Mutations

You reflexively headbutt those who attack you in melee.
You have a pair of horns on your head.


Message History

Unknown command.
There is a stone staircase leading down here.
You start resting.
You are feeling hungry.
There is a stone staircase leading down here.
Eat which item? (? for menu, Esc to quit)
You continue eating. x2
You finish eating.
That bread ration really hit the spot!
There is a stone staircase leading down here.
There is a stone staircase leading down here.
There is a stone staircase leading down here.
There is a stone staircase leading down here.
You climb downwards.
The gnoll hits you from afar with a spear of freezing.
The gnoll freezes you. The gnoll closely misses you.
There is a stone staircase leading up, spattered with blood here.
The gnoll hits you.
* * * LOW HITPOINT WARNING * * *
The gnoll hits you from afar with a spear of freezing!
You die...

##.....#.#.#.§.§§§§
.##+#...<#...#.#..#§#.#
...........#...#....##§§.#
...........+...###†##
#.#.. ...........###.###.#
...# #.........'....##'##
### #........####.....#
#........# #.((..#
#.....gg@# +..(..#
#........# #.....# #####
####g##<## #.....# ....#
#.##.# #.....# ....#
#g##.. # #.....# ....#
####g####.# #...>.#
....### #..g......#
#.....# ....'g#
#......#### ####+##
....#.# #......#


You could see 3 gnolls.

Vanquished Creatures
  A gnoll (D:3)
  An adder (D:2)
  A giant gecko (D:1)
  A ball python (D:2)
  7 giant cockroaches
  3 goblins
  A hobgoblin (D:1)
  7 jackals
  2 bats
  2 giant newts
  5 kobolds
  8 rats
39 creatures vanquished.

Notes
Turn   | Place    | Note
--------------------------------------------------------------
     0 | D:1      | Lugonue the Minotaur Gladiator began the quest for the Orb.
     0 | D:1      | Reached XP level 1. HP: 18/18 MP: 0/0
    68 | D:1      | Reached skill level 4 in Axes
    72 | D:1      | Reached XP level 2. HP: 20/25 MP: 1/1
   291 | D:1      | Reached skill level 1 in Armour
   633 | D:2      | Reached XP level 3. HP: 30/30 MP: 2/2
   890 | D:3      | Found a shadowy altar of Dithmenos.
   939 | D:3      | Found a sacrificial altar of Ru.
   948 | D:3      | Reached skill level 5 in Axes
  1056 | D:3      | Slain by a gnoll

Vault maps used:
D:1:      dpeg_arrival_shelter, supply_closet_lemuel
D:2:      first_bread
D:3:      regret_index_temple_of_mockery, lemuel_crystal_altar,
          grunt_temple_overflow_open, grunt_dithmenos_smoke_and_mirrors

Skill      XL: |  1  2  3 |
---------------+----------+-----
Axes           | 4 5 |  5.0
Armour         | 1 |  1.4
Fighting       | 3 |  3.2
Throwing       | |  2.0
Dodging        | |  3.2

Action                   || total
-------------------------++-------
Melee: War axe           ||    72
       Headbutt          ||     7
  Use: Scroll            ||     2
       Potion            ||     2
  Eat: Bread ration      ||     1
Armor: Leather armour    ||    11
       Ring mail         ||    16
Dodge: Dodged            ||    62
